 Dungeon Crawl Stone Soup version 0.31.0-11-ge490571c62 (webtiles) character file.

Game seed: 16014713359274143218

31 qw the Shooter (level 3, 0/20 HPs)
             Began as a Deep Elf Hunter on Feb 4, 2024.
             Succumbed to their own poison gas
             ... on level 1 of the Dungeon.
             The game lasted 00:00:03 (967 turns).

qw the Shooter (Deep Elf Hunter)                     Turns: 967, Time: 00:00:03

Health: 0/20       AC:  6    Str: 10    XL:     3   Next: 7%
Magic:  5/5        EV:  9    Int: 13    God:
Gold:   97         SH:  0    Dex: 18    Spells: 2/2 levels left

rFire   . . .        a - +0 shortbow
rCold   . . .        (shield currently unavailable)
rNeg    . . .        f - +0 scale mail
rPois   .            (no helmet)
rElec   .            (no cloak)
rCorr   .            (no gloves)
SInv    .            (no boots)
Will    .....        g - amulet of faith
Stlth   +            (no ring)
HPRegen 0.23/turn    (no ring)
MPRegen 0.09/turn

%: faith
@: lethally poisoned (0 -> -2)
A: no striking features
a: no special abilities


You were on level 1 of the Dungeon.
You visited 1 branch of the dungeon, and saw 2 of its levels.

You collected 97 gold pieces.


   Skills:
 - Level 1.5 Fighting
 + Level 6.7 Ranged Weapons
 - Level 2.4 Dodging
 - Level 1.2 Stealth


You had 2 spell levels left.
You didn't know any spells.
Your spell library was empty.

Inventory:

Hand Weapons
 a - a +0 shortbow (weapon)
Armour
 f - a +0 scale mail (worn)
Jewellery
 g - an amulet of faith (around neck)
Potions
 c - a potion of curing {unknown}

Dungeon Overview and Level Annotations

Branches:
Dungeon (2/15)

Altars:

Annotations:
D:1 exclusion: giant cockroach


Message History

There is a staircase leading out of the dungeon here.
There is an open door here.
There is an open door here.
There is an open door here.
Partly explored, can't reach some places.
Enter note:
Enter note:
955 ||| DROPPING amulet of magic regeneration.
You drop an amulet of magic regeneration.
956 ||| READING scroll labelled SODYSIPICE.
As you read the scroll labelled SODYSIPICE, it crumbles to dust.
You hear a loud clanging noise!
It was a scroll of noise.
957 ||| READING 2 scrolls labelled UNUORE JOISI.
The air fills with toxic fumes!
As you read the scroll labelled UNUORE JOISI, it crumbles to dust.
It was a scroll of poison.
958 ||| DROPPING scroll of poison.
You drop a scroll of poison.
Enter note:
Enter note: You are engulfed in poison gas.
You are poisoned.
You feel very sick.
960 ||| Stepping ~*~*~tactically~*~*~ (cloud).
You feel sick.
Things that are here:
a scroll of poison; an amulet of magic regeneration
There is a lethal amount of poison in your body!
You feel sick.
There is a lethal amount of poison in your body!
You feel sick.
There is a lethal amount of poison in your body!
You feel sick.
There is a lethal amount of poison in your body!
You feel sick.
There is a lethal amount of poison in your body!
You feel sick.
There is a lethal amount of poison in your body!
You feel sick.
There is a lethal amount of poison in your body!
You die...

#.### #.#
#. #0#
#.# ##
#0# #.# #
#.# #.# #
#0# #.# #
#0# #.# #
#0#
#_...#
#0#
...####.#
#@# .B..
#.#
#¤¤......
..#
#########
###


There were no monsters in sight!

Vanquished Creatures
  An adder (D:2)
  2 ball pythons (D:1)
  A bat (D:2)
  4 endoplasms
  A giant cockroach (D:1)
  3 goblins (D:1)
  3 hobgoblins
  A quokka (D:1)
  3 frilled lizards (D:1)
  A rat (D:1)
20 creatures vanquished.

Notes
Turn   | Place    | Note
-------+----------+-------------------------------------------
     0 | D:1      | qw the Deep Elf Hunter began the quest for the Orb.
     0 | D:1      | Reached XP level 1. HP: 12/12 MP: 3/3
     0 | D:1      | 0 ||| qw: Version: 0.3-a-160-g6735b56
     0 | D:1      | 0 ||| qw: Game counter: 5035
     0 | D:1      | 0 ||| qw: Melee chars always use a shield: true
     0 | D:1      | 0 ||| qw: God list: Okawaru
     0 | D:1      | 0 ||| qw: Allow faded altars: false
     0 | D:1      | 0 ||| qw: Do Orc after clearing Dungeon:15 true
     0 | D:1      | 0 ||| qw: Do second Lair branch before Depths: true
     0 | D:1      | 0 ||| qw: Lair rune preference: random
     0 | D:1      | 0 ||| qw: Goals: Normal
     0 | D:1      | 0 ||| PLANNING D:1-11
    66 | D:1      | You fall into a shaft and drop 1 floor!
   126 | D:2      | Reached skill level 6 in Ranged Weapons
   126 | D:2      | Reached XP level 2. HP: 13/16 MP: 4/4
   326 | D:2      | 326 ||| UPGRADING to +0 scale mail.
   336 | D:2      | 336 ||| DROPPING +0 leather armour.
   337 | D:2      | 337 ||| UPGRADING to amulet of faith.
   342 | D:2      | 342 ||| READING scroll labelled POEPETE BUA.
   342 | D:2      | 342 ||| IDENTIFYING ruby potion
   343 | D:2      | 343 ||| DROPPING scroll of butterflies.
   344 | D:2      | 344 ||| DROPPING potion of lignification.
   585 | D:1      | Reached XP level 3. HP: 20/20 MP: 5/5
   698 | D:1      | Found a faded altar of an unknown god.
   955 | D:1      | 955 ||| DROPPING amulet of magic regeneration.
   956 | D:1      | 956 ||| READING scroll labelled SODYSIPICE.
   957 | D:1      | 957 ||| READING 2 scrolls labelled UNUORE JOISI.
   958 | D:1      | 958 ||| DROPPING scroll of poison.
   960 | D:1      | 960 ||| Stepping ~*~*~tactically~*~*~ (cloud).
   962 | D:1      | HP: 4/20 [poisoned by you (poison gas)]
   965 | D:1      | HP: 1/20 [poisoned by you (poison gas)]
   967 | D:1      | Succumbed to their own poison gas

Levels and vault maps discovered:
D:1:      minmay_arrival_doors, layout_basic, ebering_ecumenical_altar_rust
D:2:      layout_basic, minmay_cut_off

Skill      XL: |  1 |
---------------+----+-----
Ranged Weapons | 6 |  6.7
Fighting       | |  1.5
Dodging        | |  2.4
Stealth        | |  1.2

Action                     || total
---------------------------++-------
   Fire: Shortbow          ||    44
    Use: Scroll            ||     3
 Armour: Leather armour    ||     2
         Scale mail        ||     3
  Dodge: Dodged            ||     3

Table legend:
 A = Non-vault XP
 B = Vault XP
 C = Vault XP percentage of total XP
 D = Non-vault monster count
 E = Vault monster count
 F = Vault count percentage of total count
                 A         B        C        D         E       F
            +---------+---------+-------+---------+---------+-------
      Total |      45 |       0 |   0.0 |      20 |       0 |   0.0
            +---------+---------+-------+---------+---------+-------
        D:1 |      22 |       0 |   0.0 |      14 |       0 |   0.0
        D:2 |      23 |       0 |   0.0 |       6 |       0 |   0.0
            +---------+---------+-------+---------+---------+-------
